 Dungeon Crawl Stone Soup version 0.23-a0-550-g7de1f8e (webtiles) character file.

314 zishaf the Insei (level 6, -6/32 HPs)
             Began as a Vine Stalker Transmuter on Dec 10, 2018.
             Was an Initiate of Ru.
             Mangled by an ogre
             ... wielding a cursed -3 giant club
              (23 damage)
             ... on level 4 of the Dungeon.
             The game lasted 00:07:21 (4186 turns).

zishaf the Insei (Vine Stalker Transmuter)          Turns: 4186, Time: 00:07:21

Health: -6/32      AC:  5    Str: 10    XL:     6   Next: 43%
Magic:  0/10       EV:  8    Int: 14    God:    Ru [......]
Gold:   221        SH:  6    Dex: 14    Spells: 8/9 levels left

rFire    . . .     SeeInvis .   b - +4 spear
rCold    . . .     Gourm    .   p - +0 shield
rNeg     . . .     Faith    .   k - +0 ring mail
rPois    .         Spirit   +   l - +0 hat
rElec    .         Reflect  .   (no cloak)
rCorr    +         Harm     +   (no gloves)
MR       .....                  (no boots)
Stlth    +.........             e - amulet of harm
HPRegen  0.50/turn              o - ring of resist corrosion
MPRegen  0.12/turn              t - -4 ring of strength (curse)

@: no status effects
A: fangs 2, regeneration 1, magic shield, antimagic bite, no potion heal 3, rot
immunity
a: Renounce Religion


You were on level 4 of the Dungeon.
You worshipped Ru.
Ru was noncommittal.
You were not hungry.

You visited 1 branch of the dungeon, and saw 4 of its levels.

You collected 221 gold pieces.

Inventory:

Hand Weapons
 a - a +0 hunting sling
 b - a +4 spear (weapon)
Missiles
 i - 104 arrows
 j - 114 stones (quivered)
 w - 18 sling bullets
Armour
 k - a +0 ring mail (worn)
 l - a +0 hat (worn)
 p - a +0 shield (worn)
Jewellery
 e - an amulet of harm (around neck)
 o - a ring of resist corrosion (left hand)
 t - a cursed -4 ring of strength (right hand)
Scrolls
 c - a scroll of blinking
 h - a scroll of teleportation
 q - a scroll of amnesia {unknown}
 s - 2 scrolls of enchant weapon
Potions
 f - a potion of curing
 z - a potion of mutation
Comestibles
 d - 8 rations


   Skills:
 * Level 3.3 Fighting
 + Level 2.5 Dodging
 * Level 4.7 Unarmed Combat
 - Level 2.1 Spellcasting
 + Level 3.1 Transmutations


You had 8 spell levels left.
You knew the following spells:

 Your Spells              Type           Power        Failure   Level  Hunger
a - Beastly Appendage     Tmut           ##....       75%         1    #......

Your spell library contained the following spells:

 Spells                   Type           Power        Failure   Level  Hunger
 Sticks to Snakes         Tmut           ##......     87%         2    ###....
 Spider Form              Tmut/Pois      #.........   100%        3    ###....
 Ice Form                 Ice/Tmut       #.......     100%        4    #####..
 Blade Hands              Tmut           ##........   100%        5    ######.


Dungeon Overview and Level Annotations

Branches:
Dungeon (4/15)
 Temple: D:4-7

Altars:
Dithmenos
Elyvilon
Fedhas
Nemelex Xobeh
Qazlal
Ru
Sif Muna

Annotations:
D:3 exclusion: downstairs


Innate Abilities, Weirdness & Mutations

You have extremely sharp teeth.
Your natural rate of healing is unusually fast.
When hurt, damage is shared between your health and your magic reserves.
Your bite disrupts and absorbs the magic of your enemies.
Potions cannot restore your health.
You are immune to rotting.


Message History

The ogre is lightly wounded.
b - a +4 spear (weapon)
The ogre barely misses you.
The ogre hits you with a cursed -3 giant club!
Attack whom?
Press: ? - help, Dir - move target cursor, f/p - ogre
Aim: an ogre, wielding a -3 giant club (lightly wounded)
You reach to attack!
You hit the ogre.
The ogre is moderately wounded.
You hit the ogre but do no damage. You bite the ogre, but do no damage.
The ogre is moderately wounded.
The ogre hits you with a cursed -3 giant club.
You completely miss the ogre.
The ogre is moderately wounded.
The ogre hits you with a cursed -3 giant club.
You hit the ogre.
The ogre is heavily wounded.
The ogre hits you with a cursed -3 giant club!!
Ouch! That really hurt!
You die...

###...####..#
##........##
###..##......#####
#..###...........###
..###..............#
### ###.(.........#
# ###.......### ####
#####.#.## ...####
####@#### ..[...###
##O#.## .....)..##
###....## .........#
#.......##
.........#
#........## ## .
........##
#.........###... ..
........#
#.............# #.#
.......##
#..........#####...
.......#
#..........####....


You could see an ogre.

Vanquished Creatures
  Purgy (D:3)
  A crimson imp (D:4)
  2 orc wizards (D:3)
  A killer bee zombie (D:3)
  5 adders
  An adder skeleton (D:4)
  2 worms
  2 dart slugs
  3 orcs (D:3)
  2 ball pythons
  5 giant cockroaches
  3 goblins
  5 hobgoblins
  6 jackals (D:2)
  A quokka (D:3)
  3 bats
  2 frilled lizards
  3 kobolds
  A leopard gecko skeleton (D:4)
  5 rats
54 creatures vanquished.

Notes
Turn   | Place    | Note
-------+----------+-------------------------------------------
     0 | D:1      | zishaf the Vine Stalker Transmuter began the quest for the
                  | Orb.
     0 | D:1      | Reached XP level 1. HP: 9/9 MP: 4/4
   138 | D:1      | Reached skill level 1 in Fighting
   485 | D:1      | Reached XP level 2. HP: 12/14 MP: 6/6
  1355 | D:2      | Reached XP level 3. HP: 18/18 MP: 7/7
  2385 | D:3      | Gained mutation: Your natural rate of healing is unusually
                  | fast. [Vine Stalker growth]
  2385 | D:3      | Reached XP level 4. HP: 15/23 MP: 8/8
  2747 | D:3      | Reached skill level 4 in Unarmed Combat
  2806 | D:3      | Reached XP level 5. HP: 27/27 MP: 9/9
  2862 | D:3      | Found a white marble altar of Elyvilon.
  2863 | D:3      | Found a sacrificial altar of Ru.
  2866 | D:3      | Found a sparkling altar of Nemelex Xobeh.
  2867 | D:3      | Found a stormy altar of Qazlal.
  2868 | D:3      | Found a shadowy altar of Dithmenos.
  2871 | D:3      | Became a worshipper of Ru the Awakened
  3092 | D:3      | Found a deep blue altar of Sif Muna.
  3549 | D:4      | Noticed an ogre
  3714 | D:4      | Noticed Purgy
  3908 | D:3      | Killed Purgy
  3908 | D:3      | Reached XP level 6. HP: 15/32 MP: 2/10
  4123 | D:4      | Got a warped dagger
  4133 | D:4      | Identified the cursed +3 dagger of the Scavenger {pain,
                  | +Inv rPois Str-4} (You found it on level 4 of the Dungeon)
  4158 | D:4      | Found a blossoming altar of Fedhas.
  4186 | D:4      | Mangled by an ogre

Vault maps used:
D:1:      psy_arrival_radial02
D:2:      serial_curves, eino_curves_01, eino_curves_04
D:3:      lemuel_coloured_pillars_altar, grunt_temple_overflow_open,
          first_ration
D:4:      lemuel_doored_altar, lemuel_round_altar, uniq_ijyb, uniq_purgy

Skill      XL: |  1  2  3  4  5 |
---------------+----------------+-----
Fighting       | 1 2 3 |  3.3
Dodging        | 2 |  2.5
Unarmed Combat | 4 |  4.7
Transmutations | 3 |  3.1
Spellcasting   | |  2.1

Action                   |  1- 3 |  4- 6 || total
-------------------------+-------+-------++-------
Melee: Unarmed           |   108 |     7 ||   115
       Bite              |    24 |    16 ||    40
       Punch             |     1 |       ||     1
       Spear             |       |    92 ||    92
 Fire: Hunting sling     |    15 |    15 ||    30
  Use: Potion            |       |     4 ||     4
       Scroll            |       |     6 ||     6
  Eat: Chunk             |     5 |     5 ||    10
Armor: Leather armour    |     3 |     7 ||    10
       Robe              |     1 |       ||     1
       Ring mail         |    25 |    30 ||    55
Dodge: Dodged            |    48 |    35 ||    83
Block: Shield            |     7 |    31 ||    38

Table legend:
 A = Non-vault XP
 B = Vault XP
 C = Vault XP percentage of total XP
 D = Non-vault monster count
 E = Vault monster count
 F = Vault count percentage of total count
                 A         B        C        D         E       F
            +---------+---------+-------+---------+---------+-------
      Total |     308 |     141 |  31.4 |      53 |       1 |   1.9
            +---------+---------+-------+---------+---------+-------
        D:1 |      13 |       0 |   0.0 |       8 |       0 |   0.0
        D:2 |      62 |       0 |   0.0 |      21 |       0 |   0.0
        D:3 |     162 |     141 |  46.5 |      18 |       1 |   5.3
        D:4 |      71 |       0 |   0.0 |       6 |       0 |   0.0
            +---------+---------+-------+---------+---------+-------
